 Dungeon Crawl Stone Soup version 0.16.1-28-gcc2312f (webtiles) character file.

459 sqallbeste the Stinger (level 6, 0/32 HPs)
             Began as a Deep Elf Venom Mage on May 29, 2015.
             Was a Follower of Kikubaaqudgha.
             Shot with an arrow by a centaur (13 damage)
             ... on level 5 of the Dungeon.
             The game lasted 00:30:58 (3677 turns).

sqallbeste the Stinger (Deep Elf Venom Mage)        Turns: 3677, Time: 00:30:58

Health: 0/32       AC:  4    Str:  5    XL:     6   Next: 78%
Magic:  12/20      EV: 13    Int: 22    God:    Kikubaaqudgha [*.....]
Gold:   130        SH:  0    Dex: 15    Spells: 4 memorised, 2 levels left

rFire  . . .     SeeInvis .     h - +4 dagger (drain)
rCold  . . .     Clarity  .     a - +2 robe
rNeg   . . .     SustAb   .     (no shield)
rPois  .         Gourm    .     (no helmet)
rElec  .         Spirit   .     (no cloak)
rCorr  .         Warding  .     (no gloves)
rMut   .         Stasis   .     (no boots)
MR     .....                    (no amulet)
Stlth  +++.......               (no ring)
                                s - ring of flight

@: about to teleport, very slightly contaminated, not resistant to hostile
enchantments, fairly stealthy
A: no striking features
a: Receive Corpses, Renounce Religion, Evoke Flight


You were on level 5 of the Dungeon.
You worshipped Kikubaaqudgha.
Kikubaaqudgha was aware of your devotion.
You were not hungry.

You visited 1 branch of the dungeon, and saw 5 of its levels.

You collected 130 gold pieces.

Inventory:

Hand weapons
 h - a +4 dagger of draining (weapon)
Armour
 a - a +2 robe (worn)
Jewellery
 l - an uncursed amulet of stasis
 s - a ring of flight (left hand)
Magical devices
 i - a wand of polymorph (11)
Scrolls
 e - a scroll of remove curse
 f - 3 scrolls of identify
 k - a scroll of recharging
 m - a scroll of noise
 p - 2 scrolls of enchant armour
Potions
 j - a potion of curing
Books
 b - a Young Poisoner's Handbook

   Spells                             Type                      Level
   a - Sting                          Conjuration/Poison           1
   b - Cure Poison                    Poison                       2
   c - Mephitic Cloud                 Conjuration/Poison/Air       3
   d - Olgreb's Toxic Radiance        Poison                       4
   e - Venom Bolt                     Conjuration/Poison           5
 n - Kikubaaqudgha's Collected Works on Darkness
   (Kikubaaqudgha gifted it to you on level 3 of the Dungeon)

   Spells                             Type                      Level
   a - Pain                           Necromancy                   1
   b - Corpse Rot                     Necromancy                   2
   c - Sublimation of Blood           Necromancy                   2
   d - Vampiric Draining              Necromancy                   3
   e - Control Undead                 Necromancy                   4
 r - a book of Alchemy

   Spells                             Type                      Level
   a - Sublimation of Blood           Necromancy                   2
   b - Alistair's Intoxication        Transmutation/Poison         4
   c - Condensation Shield            Ice                          4
   d - Petrify                        Transmutation/Earth          4
   e - Ignite Poison                  Fire/Transmutation           5
   f - Irradiate                      Conjuration/Transmutation    5
Comestibles
 c - a bread ration
 d - a meat ration
 o - 2 beef jerkies


   Skills:
 - Level 0.2 Fighting
 - Level 2.8 Dodging
 + Level 4.0 Stealth
 * Level 4.1 Spellcasting
 + Level 5.2 Conjurations
 - Level 0.4 Air Magic
 + Level 5.7 Poison Magic


You had 2 spell levels left.
You knew the following spells:

 Your Spells              Type           Power        Failure   Level  Hunger
a - Sting                 Conj/Pois      ####         1%          1    None
b - Mephitic Cloud        Conj/Pois/Air  ###.....     10%         3    ##.....
c - Cure Poison           Pois           ####......   1%          2    #......
d - Venom Bolt            Conj/Pois      ####......   34%         5    ######.


Dungeon Overview and Level Annotations

Branches:
Dungeon (5/15)
 Temple: D:4-7

Altars:
Ashenzari
Kikubaaqudgha
Okawaru
Sif Muna
Vehumet
Zin
The Shining One

Annotations:
D:4 Natasha


Message History

Confirm with . or Enter, or press ? or * to list all spells.
Aiming: Sting
Press: ? - help, Shift-Dir - straight line, f/p - centaur
Aim: a centaur, wielding a shortbow (moderately wounded, poisoned)
The sting hits the centaur.
The centaur looks even sicker.
The centaur is moderately wounded.
The bat hits you but does no damage.
The centaur shoots an arrow.
The arrow closely misses you.
The centaur shoots an arrow.
The arrow closely misses you.
Casting: Sting
Confirm with . or Enter, or press ? or * to list all spells.
Aiming: Sting
Press: ? - help, Shift-Dir - straight line, f/p - centaur
Aim: a centaur, wielding a shortbow (moderately wounded, poisoned)
The sting hits the centaur.
The centaur looks even sicker.
The centaur is severely wounded.
The bat hits you but does no damage.
The centaur shoots an arrow.
The arrow hits you!
You die...
Kikubaaqudgha rasps: "You have failed me!
Welcome... death!"

..#.. ....#..###
......... .......###
#........ # #......####
!#. #..........
$#..###### +>.†b.c#
?#.......####...@..####
##................$......
.................#Z###..
.........##(####.#...
.........##'####.......
..............##.......
.............##.......
######......##..........
#......##...........


You could see a centaur, a quokka zombie and a bat.

Vanquished Creatures
  2 ogres (D:4)
  Sigmund (D:4)
  A hound (D:5)
  A worker ant (D:4)
  Ijyb (D:2)
  Terence (D:2)
  Robin (D:2)
  3 adders
  3 worms
  A giant mite (D:2)
  10 orcs
  3 ball pythons
  6 bats
  A bat skeleton (D:4)
  4 giant cockroaches
  4 hobgoblins
  3 quokkas
  4 giant newts
  8 goblins
  6 kobolds
  A quokka skeleton (D:4)
  4 rats
69 creatures vanquished.

Notes
Turn   | Place    | Note
--------------------------------------------------------------
     0 | D:1      | sqallbeste, the Deep Elf Venom Mage, began the quest for the Orb.
     0 | D:1      | Reached XP level 1. HP: 10/10 MP: 5/5
   220 | D:1      | Reached XP level 2. HP: 15/15 MP: 6/8
   640 | D:2      | Found an ancient bone altar of Kikubaaqudgha.
   651 | D:2      | Became a worshipper of Kikubaaqudgha
   663 | D:2      | Noticed Robin
   691 | D:2      | Noticed Ijyb
   708 | D:2      | Killed Ijyb
   708 | D:2      | Reached skill level 5 in Poison Magic
   708 | D:2      | Reached XP level 3. HP: 13/19 MP: 1/11
   727 | D:2      | Learned a level 3 spell: Mephitic Cloud
   868 | D:2      | Noticed Terence
   877 | D:2      | Killed Terence
  1094 | D:2      | Killed Robin
  1114 | D:2      | Reached XP level 4. HP: 24/24 MP: 3/14
  1343 | D:3      | Found a shattered altar of Ashenzari.
  1444 | D:3      | Found a deep blue altar of Sif Muna.
  1444 | D:3      | Found a glowing silver altar of Zin.
  1448 | D:3      | Found a glowing golden altar of the Shining One.
  1634 | D:3      | Found a radiant altar of Vehumet.
  1689 | D:3      | Learned a level 2 spell: Cure Poison
  1745 | D:3      | Reached skill level 1 in Conjurations
  1880 | D:3      | Acquired Kikubaaqudgha's first power
  1880 | D:3      | Received a gift from Kikubaaqudgha
  1883 | D:3      | Identified Kikubaaqudgha's Collected Works on Darkness (Kikubaaqudgha gifted it to you on level 3 of the Dungeon)
  1958 | D:3      | Found an iron altar of Okawaru.
  2364 | D:4      | Reached XP level 5. HP: 28/28 MP: 14/18
  2763 | D:4      | Noticed an ogre
  2780 | D:4      | Killed an ogre
  2853 | D:4      | Noticed Sigmund
  2862 | D:4      | Killed Sigmund
  2862 | D:4      | Reached XP level 6. HP: 32/32 MP: 13/20
  2873 | D:4      | Noticed an ogre
  2883 | D:4      | Noticed Natasha
  2887 | D:4      | Killed an ogre
  2887 | D:4      | Reached skill level 5 in Conjurations
  3502 | D:5      | Entered Level 5 of the Dungeon
  3662 | D:5      | Learned a level 5 spell: Venom Bolt
  3677 | D:5      | Shot with an arrow by a centaur

Action                   |  1- 3 |  4- 6 || total
-------------------------+-------+-------++-------
Melee: Unarmed           |     1 |       ||     1
       Dagger            |     7 |    22 ||    29
 Cast: Sting             |    51 |   114 ||   165
       Mephitic Cloud    |     1 |     2 ||     3
       Cure Poison       |       |     1 ||     1
  Use: Scroll            |     5 |     9 ||    14
       Potion            |     1 |     3 ||     4
 Stab: Sleeping          |       |     1 ||     1
  Eat: Bread ration      |       |     2 ||     2
